[Event "Live Chess"]
[Site "Chess.com"]
[Date "2010.12.13"]
[Round "-"]
[White "Jonani"]
[Black "hipposcottimus"]
[Result "0-1"]
[CurrentPosition "8/1p5r/p7/3P4/2k5/8/4K3/8 w - -"]
[Timezone "UTC"]
[ECO "A00"]
[ECOUrl "https://www.chess.com/openings/Vant-Kruijs-Opening-1...e5"]
[UTCDate "2010.12.13"]
[UTCTime "02:25:35"]
[WhiteElo "1478"]
[BlackElo "1615"]
[TimeControl "60"]
[Termination "hipposcottimus won on time"]
[StartTime "02:25:35"]
[EndDate "2010.12.13"]
[EndTime "02:27:51"]
[Link "https://www.chess.com/game/live/76741748"]

1. e3 e5 2. Be2 e4 3. b3 d5 4. Bb2 c5 5. Bg4 f6 6. Bxc8 Qxc8 7. Qh5+ g6 8. Qxd5 Ne7 9. Qxe4 Nc6 10. Qf3 Qf5 11. Qxf5 Nxf5 12. Bxf6 Rg8 13. Bb2 Be7 14. Nc3 O-O-O 15. Nb5 Bg5 16. Nf3 Kb8 17. d3 Bh6 18. e4 Nh4 19. Nxh4 g5 20. Nf3 Bg7 21. Nxg5 Bxb2 22. Rb1 Bc3+ 23. Ke2 Bd4 24. Nxd4 Nxd4+ 25. Kd2 Rxg5 26. c3 Ne6 27. c4 Rxg2 28. Rhg1 Rxf2+ 29. Ke3 Rxa2 30. Rgd1 Nd4 31. Rd2 Ra3 32. b4 cxb4 33. Rxb4 Nb3 34. Rb5 a6 35. Rd5 Rxd5 36. exd5 Nc5 37. Rf2 Rxd3+ 38. Ke2 Kc7 39. Rf7+ Kd6 40. Rxh7 Ke5 41. Rc7 Kd4 42. Rxc5 Kxc5 43. h4 Kxc4 44. h5 Rd4 45. h6 Rh4 46. h7 Rxh7 0-1

[Event "Live Chess"]
[Site "Chess.com"]
[Date "2010.12.13"]
[Round "-"]
[White "hipposcottimus"]
[Black "CR_Gixxer"]
[Result "0-1"]
[CurrentPosition "3r2k1/1q3p1p/3Kp1p1/2p5/3b1P2/6P1/7P/8 w - -"]
[Timezone "UTC"]
[ECO "A40"]
[ECOUrl "https://www.chess.com/openings/Modern-Defense-with-1-d4-2.c4-Bg7-3.e4"]
[UTCDate "2010.12.13"]
[UTCTime "02:22:28"]
[WhiteElo "1610"]
[BlackElo "1470"]
[TimeControl "60"]
[Termination "CR_Gixxer won by checkmate"]
[StartTime "02:22:28"]
[EndDate "2010.12.13"]
[EndTime "02:24:29"]
[Link "https://www.chess.com/game/live/76741022"]

1. e4 g6 2. d4 Bg7 3. c4 e6 4. Nc3 Ne7 5. Nf3 b6 6. Bd3 Bb7 7. O-O Nbc6 8. e5 Nb4 9. Bc2 Nxc2 10. Qxc2 Nc6 11. Qd3 Nb4 12. Qe3 Nc2 13. Qg5 Qxg5 14. Nxg5 Nxa1 15. Bf4 Nc2 16. b3 Nxd4 17. Bg3 Nf5 18. Nf3 Nxg3 19. fxg3 Bxf3 20. gxf3 Bxe5 21. f4 Bxc3 22. Rc1 Bd4+ 23. Kf1 c5 24. Rd1 O-O 25. a3 a6 26. b4 d6 27. b5 axb5 28. a4 bxc4 29. Rc1 Rxa4 30. Rb1 c3 31. Rxb6 Ra1+ 32. Ke2 c2 33. Kd2 c1=Q+ 34. Kd3 Qd1+ 35. Kc4 Qc2+ 36. Kb5 Rb1+ 37. Kc6 Rc8+ 38. Kb7 Rxb6+ 39. Kxb6 Rb8+ 40. Kc7 Qb3 41. Kd7 Qb7+ 42. Kxd6 Rd8# 0-1

[Event "Live Chess"]
[Site "Chess.com"]
[Date "2010.12.13"]
[Round "-"]
[White "CR_Gixxer"]
[Black "hipposcottimus"]
[Result "0-1"]
[CurrentPosition "8/8/3N3p/3p4/P6k/4PPRP/1B4PK/R7 w - -"]
[Timezone "UTC"]
[ECO "D02"]
[ECOUrl "https://www.chess.com/openings/Queens-Pawn-Opening-Zukertort-Variation-2...c6"]
[UTCDate "2010.12.13"]
[UTCTime "02:19:42"]
[WhiteElo "1458"]
[BlackElo "1620"]
[TimeControl "60"]
[Termination "hipposcottimus won on time"]
[StartTime "02:19:42"]
[EndDate "2010.12.13"]
[EndTime "02:21:45"]
[Link "https://www.chess.com/game/live/76740495"]

1. d4 d5 2. Nf3 c6 3. Nbd2 Nd7 4. c3 e6 5. e3 Ngf6 6. h3 Bd6 7. Bd3 e5 8. dxe5 Bxe5 9. Nxe5 Nxe5 10. Bb1 O-O 11. Nf3 Ned7 12. O-O Nb6 13. Re1 Nfd7 14. a4 f5 15. b3 Rb8 16. Ba3 Re8 17. c4 Nc5 18. b4 Ne4 19. c5 Nd7 20. Bb2 b6 21. Qd4 Re7 22. cxb6 axb6 23. Bxe4 Bb7 24. Bxf5 c5 25. bxc5 bxc5 26. Qd2 Rc8 27. Bc2 Rf7 28. Qd3 Nf6 29. Ne5 Ne4 30. f3 c4 31. Nxf7 cxd3 32. Nxd8 dxc2 33. Nxb7 c1=Q 34. Rexc1 Ng3 35. Rxc8+ Kf7 36. Rc7+ Kg6 37. Rxg7+ Kh6 38. Rxg3 Kh5 39. Nd6 h6 40. Kh2 Kh4 0-1

[Event "Live Chess"]
[Site "Chess.com"]
[Date "2010.12.13"]
[Round "-"]
[White "hipposcottimus"]
[Black "omarmuyot01"]
[Result "1-0"]
[CurrentPosition "3rk2r/pp2Qppp/6q1/3p4/8/6NP/PP3PP1/R3R1K1 b k -"]
[Timezone "UTC"]
[ECO "B01"]
[ECOUrl "https://www.chess.com/openings/Scandinavian-Defense-Mieses-Kotrc-Variation-3.Nc3"]
[UTCDate "2010.12.13"]
[UTCTime "02:17:22"]
[WhiteElo "1615"]
[BlackElo "1657"]
[TimeControl "60"]
[Termination "hipposcottimus won by checkmate"]
[StartTime "02:17:22"]
[EndDate "2010.12.13"]
[EndTime "02:19:03"]
[Link "https://www.chess.com/game/live/76739968"]

1. e4 d5 2. exd5 Qxd5 3. Nc3 Qe6+ 4. Be2 Qg6 5. d4 Bf5 6. Bf3 Bxc2 7. Qe2 Nc6 8. d5 Nd4 9. Qe3 c5 10. Nge2 Nf6 11. Nxd4 cxd4 12. Qxd4 Rd8 13. Be3 e6 14. Qd2 exd5 15. O-O Bd3 16. Be2 Bxe2 17. Nxe2 Ng4 18. Ng3 Qh5 19. h3 Nxe3 20. Qxe3+ Be7 21. Rfe1 Qg6 22. Qxe7# 1-0

[Event "Live Chess"]
[Site "Chess.com"]
[Date "2010.12.13"]
[Round "-"]
[White "hipposcottimus"]
[Black "chessplayer09"]
[Result "0-1"]
[CurrentPosition "8/8/5pkp/2R2b2/2P5/1P6/P2K3P/8 w - -"]
[Timezone "UTC"]
[ECO "B20"]
[ECOUrl "https://www.chess.com/openings/Sicilian-Defense"]
[UTCDate "2010.12.13"]
[UTCTime "02:13:29"]
[WhiteElo "1606"]
[BlackElo "1638"]
[TimeControl "60"]
[Termination "chessplayer09 won on time"]
[StartTime "02:13:29"]
[EndDate "2010.12.13"]
[EndTime "02:15:39"]
[Link "https://www.chess.com/game/live/76739167"]

1. e4 c5 2. Bb5 Nc6 3. Bxc6 bxc6 4. c4 d5 5. d3 d4 6. Nd2 Nf6 7. Ndf3 g6 8. Nh3 Bg7 9. Nhg5 O-O 10. e5 Nd7 11. O-O Bxe5 12. Ne4 Bg7 13. Nfg5 Bb7 14. Qg4 f6 15. Qh4 h6 16. Ne6 g5 17. Nxd8 gxh4 18. Ne6 Rfe8 19. Nxg7 Kxg7 20. f4 Ne5 21. Nf2 Nd7 22. f5 e6 23. Nh3 exf5 24. Rxf5 Kg6 25. Rf2 Re1+ 26. Rf1 Rxf1+ 27. Kxf1 Ne5 28. Kg1 Nxd3 29. Nf4+ Nxf4 30. Bxf4 Kf5 31. g3 d3 32. Rf1 Ba6 33. Bd2+ Kg4 34. gxh4 Kxh4 35. Rf4+ Kh5 36. Rf3 Kg6 37. b3 Kf7 38. Rxd3 Re8 39. Rd7+ Kf8 40. Rxa7 Bc8 41. Rc7 Bh3 42. Rxc6 Kf7 43. Kf2 Rg8 44. Ke3 Rg2 45. Rc7+ Kg6 46. Rxc5 Rxd2 47. Kxd2 Bf5 0-1

[Event "Live Chess"]
[Site "Chess.com"]
[Date "2010.12.13"]
[Round "-"]
[White "hipposcottimus"]
[Black "knightlord"]
[Result "1-0"]
[CurrentPosition "6k1/pp3p1p/6p1/2n5/2P3P1/N4K2/Pn5P/8 b - -"]
[Timezone "UTC"]
[ECO "B01"]
[ECOUrl "https://www.chess.com/openings/Scandinavian-Defense-Mieses-Kotrc-Variation-3.Nc3"]
[UTCDate "2010.12.13"]
[UTCTime "02:11:02"]
[WhiteElo "1606"]
[BlackElo "1438"]
[TimeControl "60"]
[Termination "hipposcottimus won on time"]
[StartTime "02:11:02"]
[EndDate "2010.12.13"]
[EndTime "02:12:54"]
[Link "https://www.chess.com/game/live/76738707"]

1. e4 d5 2. exd5 Qxd5 3. Nc3 Qe6+ 4. Be2 Bd7 5. d4 Bb5 6. d5 Qe5 7. Be3 Bxe2 8. Ngxe2 e6 9. O-O exd5 10. Nxd5 Na6 11. c3 c6 12. Bd4 Qd6 13. Ne3 c5 14. Re1 cxd4 15. Nxd4 Nc5 16. Nc4+ Qe7 17. Rxe7+ Bxe7 18. Qe2 Nf6 19. Re1 O-O 20. Qxe7 Rfe8 21. Qxe8+ Rxe8 22. Rxe8+ Nxe8 23. f4 Nc7 24. g3 Nd5 25. Nf5 g6 26. Ne7+ Nxe7 27. g4 Nc6 28. Kf2 Na4 29. Na3 Nxb2 30. c4 Nd3+ 31. Kf3 Nc5 32. Ke3 Ne7 33. Kf2 Nc6 34. Kg3 Nd4 35. Kg2 Ne2 36. Kh3 Nxf4+ 37. Kh4 Nfd3 38. Kg3 Nb2 39. Kf3 1-0

[Event "Live Chess"]
[Site "Chess.com"]
[Date "2010.12.13"]
[Round "-"]
[White "knightlord"]
[Black "hipposcottimus"]
[Result "0-1"]
[CurrentPosition "8/1p3kpp/8/p2n4/P3b3/1P4PP/3P2qK/8 w - -"]
[Timezone "UTC"]
[ECO "C23"]
[ECOUrl "https://www.chess.com/openings/Bishops-Opening-2...Nc6"]
[UTCDate "2010.12.13"]
[UTCTime "02:08:38"]
[WhiteElo "1443"]
[BlackElo "1601"]
[TimeControl "60"]
[Termination "hipposcottimus won by checkmate"]
[StartTime "02:08:38"]
[EndDate "2010.12.13"]
[EndTime "02:10:46"]
[Link "https://www.chess.com/game/live/76738220"]

1. e4 e5 2. Bc4 Nc6 3. Qf3 Nf6 4. Ne2 d5 5. exd5 Na5 6. Na3 e4 7. Qc3 Bxa3 8. Qxa3 Nxc4 9. Qa4+ Bd7 10. Qxc4 O-O 11. d6 cxd6 12. Nf4 d5 13. Qe2 Rc8 14. O-O Rxc2 15. a4 a5 16. b3 d4 17. Ba3 d3 18. Nxd3 Bf5 19. Bxf8 exd3 20. Qd1 Kxf8 21. Rc1 Qc8 22. Rxc2 dxc2 23. Qc1 Bd3 24. Re1 Qf5 25. Re3 Nd5 26. Rf3 Qe4 27. g3 Qe2 28. Rxf7+ Kxf7 29. Kg2 Qd1 30. Qxd1 cxd1=Q 31. h3 Be4+ 32. f3 Qxf3+ 33. Kh2 Qg2# 0-1

[Event "Live Chess"]
[Site "Chess.com"]
[Date "2010.12.13"]
[Round "-"]
[White "hipposcottimus"]
[Black "71santiniF-4"]
[Result "0-1"]
[CurrentPosition "1n3rk1/rbp3p1/pp5p/3P4/2P2n2/8/PP1BB1qP/R2Q1R1K w - -"]
[Timezone "UTC"]
[ECO "B00"]
[ECOUrl "https://www.chess.com/openings/Owens-Defense-2.d4-Bb7-3.Bd3"]
[UTCDate "2010.12.13"]
[UTCTime "01:21:58"]
[WhiteElo "1596"]
[BlackElo "1435"]
[TimeControl "60"]
[Termination "71santiniF-4 won by checkmate"]
[StartTime "01:21:58"]
[EndDate "2010.12.13"]
[EndTime "01:23:36"]
[Link "https://www.chess.com/game/live/76728150"]

1. e4 b6 2. d4 Bb7 3. Bd3 a6 4. c4 Ra7 5. Nc3 e6 6. Nf3 h6 7. d5 Bb4 8. Bd2 Bxc3 9. Bxc3 f6 10. Bc2 e5 11. Nxe5 fxe5 12. Bxe5 Nf6 13. Bc3 d6 14. e5 dxe5 15. Bxe5 O-O 16. O-O Nh5 17. Bc3 Qe8 18. Re1 Qf7 19. Bd3 Qxf2+ 20. Kh1 Qf7 21. Be2 Nf4 22. Rf1 Qg6 23. Bd2 Qxg2# 0-1

[Event "Live Chess"]
[Site "Chess.com"]
[Date "2010.12.13"]
[Round "-"]
[White "omarmuyot01"]
[Black "hipposcottimus"]
[Result "1-0"]
[CurrentPosition "2krr3/p1Qn1ppp/1p6/3q4/8/1N6/PP3bPP/1RR2K2 b - -"]
[Timezone "UTC"]
[ECO "C58"]
[ECOUrl "https://www.chess.com/openings/Italian-Game-Knight-Attack-Polerio-Bishop-Check-Line-6...Bd7"]
[UTCDate "2010.12.13"]
[UTCTime "01:13:16"]
[WhiteElo "1599"]
[BlackElo "1607"]
[TimeControl "60"]
[Termination "omarmuyot01 won by checkmate"]
[StartTime "01:13:16"]
[EndDate "2010.12.13"]
[EndTime "01:15:09"]
[Link "https://www.chess.com/game/live/76726245"]

1. e4 e5 2. Nf3 Nc6 3. Bc4 Nf6 4. Ng5 d5 5. exd5 Na5 6. Bb5+ Bd7 7. Bxd7+ Nxd7 8. Qf3 Qxg5 9. d4 Qxc1+ 10. Ke2 Qxc2+ 11. Nd2 O-O-O 12. Rab1 exd4 13. Rhc1 Qg6 14. Qf4 Bd6 15. Qxd4 Rhe8+ 16. Kf1 Bc5 17. Qc3 b6 18. Nb3 Qd6 19. Nxa5 Qxd5 20. Nb3 Bxf2 21. Qxc7# 1-0

[Event "Live Chess"]
[Site "Chess.com"]
[Date "2010.12.13"]
[Round "-"]
[White "hipposcottimus"]
[Black "omarmuyot01"]
[Result "0-1"]
[CurrentPosition "1r2kb1r/p3pppp/2p5/1B6/3nN1n1/4Q2N/PPb2PPq/R1B2RK1 w k -"]
[Timezone "UTC"]
[ECO "B01"]
[ECOUrl "https://www.chess.com/openings/Scandinavian-Defense-Mieses-Kotrc-Variation-3.Nc3"]
[UTCDate "2010.12.13"]
[UTCTime "01:12:01"]
[WhiteElo "1616"]
[BlackElo "1590"]
[TimeControl "60"]
[Termination "omarmuyot01 won by checkmate"]
[StartTime "01:12:01"]
[EndDate "2010.12.13"]
[EndTime "01:13:07"]
[Link "https://www.chess.com/game/live/76725937"]

1. e4 d5 2. exd5 Qxd5 3. Nc3 Qe6+ 4. Be2 Qg6 5. Bf3 Bf5 6. d4 Bxc2 7. Qe2 Nc6 8. Nh3 Nxd4 9. Qe3 Qd6 10. O-O Nf6 11. Bxb7 Rb8 12. Ba6 Ng4 13. Bb5+ c6 14. Ne4 Qxh2# 0-1

[Event "Live Chess"]
[Site "Chess.com"]
[Date "2010.12.13"]
[Round "-"]
[White "hipposcottimus"]
[Black "Dyikanakylbek"]
[Result "1-0"]
[CurrentPosition "5r2/pp3pk1/2p4R/3p4/6Q1/8/P3NKP1/1q2r3 b - -"]
[Timezone "UTC"]
[ECO "C41"]
[ECOUrl "https://www.chess.com/openings/Philidor-Defense-3.d4-Bg4"]
[UTCDate "2010.12.13"]
[UTCTime "01:09:19"]
[WhiteElo "1625"]
[BlackElo "1543"]
[TimeControl "60"]
[Termination "hipposcottimus won on time"]
[StartTime "01:09:19"]
[EndDate "2010.12.13"]
[EndTime "01:11:34"]
[Link "https://www.chess.com/game/live/76725304"]

1. e4 e5 2. Nf3 d6 3. d4 Bg4 4. Qd3 Bxf3 5. Qxf3 exd4 6. Bd3 Nf6 7. c3 dxc3 8. Nxc3 Be7 9. O-O O-O 10. Bf4 Nc6 11. Bc2 Nd4 12. Qd3 Nxc2 13. Qxc2 c6 14. Rfe1 Qd7 15. Rad1 Qg4 16. Bg3 Nh5 17. f3 Qg6 18. f4 Nxg3 19. hxg3 Qxg3 20. Rd3 Qg4 21. Rh3 Qxf4 22. Ree3 Bg5 23. Ref3 Qe5 24. Rhg3 h6 25. Rf5 Qe7 26. Rff3 Bh4 27. Rh3 Rae8 28. Rf4 Bg5 29. Rg4 Qf6 30. Qe2 d5 31. e5 Rxe5 32. Qf3 Re1+ 33. Kf2 Qe5 34. Ne2 Be3+ 35. Qxe3 Qf6+ 36. Qf3 Qxb2 37. Rxh6 Qb1 38. Rxg7+ Kxg7 39. Qg4+ 1-0

[Event "Live Chess"]
[Site "Chess.com"]
[Date "2010.12.13"]
[Round "-"]
[White "Dyikanakylbek"]
[Black "hipposcottimus"]
[Result "0-1"]
[CurrentPosition "r7/pp6/7p/2p3k1/3n2B1/P2P3P/1P4P1/5RK1 w - -"]
[Timezone "UTC"]
[ECO "C20"]
[ECOUrl "https://www.chess.com/openings/Kings-Pawn-Opening-Leonardis-Variation-2...Nf6"]
[UTCDate "2010.12.13"]
[UTCTime "01:07:13"]
[WhiteElo "1549"]
[BlackElo "1619"]
[TimeControl "60"]
[Termination "hipposcottimus won on time"]
[StartTime "01:07:13"]
[EndDate "2010.12.13"]
[EndTime "01:09:09"]
[Link "https://www.chess.com/game/live/76724788"]

1. e4 e5 2. d3 Nf6 3. c4 c5 4. Nc3 d6 5. Nf3 Nc6 6. Be2 Be7 7. h3 O-O 8. a3 Nd7 9. Bd2 f5 10. exf5 Nf6 11. Nh2 Bxf5 12. O-O Bg6 13. Ng4 Bf7 14. Nxf6+ Bxf6 15. Bf3 d5 16. cxd5 Ne7 17. Be4 Bxd5 18. Nxd5 Nxd5 19. Qh5 h6 20. Qg4 Ne7 21. Bxh6 Rf7 22. Qe6 Nc6 23. Bd5 Qe7 24. f4 Qxe6 25. Bxe6 gxh6 26. fxe5 Kg7 27. Rxf6 Rxf6 28. exf6+ Kxf6 29. Bg4 Nd4 30. Rf1+ Kg5 0-1

[Event "Live Chess"]
[Site "Chess.com"]
[Date "2010.12.13"]
[Round "-"]
[White "hipposcottimus"]
[Black "Dyikanakylbek"]
[Result "1-0"]
[CurrentPosition "3q2k1/ppp5/8/8/3n4/3Q3P/PP3PP1/5RK1 b - -"]
[Timezone "UTC"]
[ECO "C41"]
[ECOUrl "https://www.chess.com/openings/Philidor-Defense-3.Bc4"]
[UTCDate "2010.12.13"]
[UTCTime "01:05:06"]
[WhiteElo "1612"]
[BlackElo "1556"]
[TimeControl "60"]
[Termination "hipposcottimus won on time"]
[StartTime "01:05:06"]
[EndDate "2010.12.13"]
[EndTime "01:07:03"]
[Link "https://www.chess.com/game/live/76724349"]

1. e4 e5 2. Nf3 d6 3. Bc4 h6 4. d3 Nf6 5. d4 exd4 6. e5 dxe5 7. Nxe5 Be7 8. Nd3 O-O 9. O-O Nc6 10. c3 dxc3 11. Nxc3 Bf5 12. Qf3 Bxd3 13. Bxd3 Qe8 14. Qg3 Rd8 15. Bxh6 g6 16. Bxf8 Qxf8 17. Bxg6 fxg6 18. Qxg6+ Qg7 19. Qf5 Bd6 20. Rad1 Qh7 21. Qg5+ Kh8 22. h3 Nh5 23. Nd5 Be7 24. Nxe7 Qxe7 25. Rxd8+ Qxd8 26. Qxh5+ Kg8 27. Qf3 Nd4 28. Qd3 1-0

[Event "Live Chess"]
[Site "Chess.com"]
[Date "2010.12.13"]
[Round "-"]
[White "hipposcottimus"]
[Black "frankjiang1"]
[Result "0-1"]
[CurrentPosition "r7/pp4k1/4B1p1/4p3/8/P3n2R/6qP/7K w - -"]
[Timezone "UTC"]
[ECO "B00"]
[ECOUrl "https://www.chess.com/openings/Nimzowitsch-Defense-Declined-2...Nf6"]
[UTCDate "2010.12.13"]
[UTCTime "01:02:42"]
[WhiteElo "1605"]
[BlackElo "1422"]
[TimeControl "60"]
[Termination "frankjiang1 won by checkmate"]
[StartTime "01:02:42"]
[EndDate "2010.12.13"]
[EndTime "01:04:24"]
[Link "https://www.chess.com/game/live/76723813"]

1. e4 Nc6 2. Nf3 Nf6 3. d3 e5 4. Nc3 Bc5 5. Be3 Bxe3 6. fxe3 Qe7 7. Be2 Qb4 8. O-O Qxb2 9. a3 Qxc3 10. d4 Qa5 11. d5 Ne7 12. Nxe5 d6 13. Bc4 dxe5 14. Ba2 c6 15. Qf3 cxd5 16. exd5 Nexd5 17. e4 Nc3 18. Bb3 Nb5 19. Qf5 Bxf5 20. exf5 g6 21. fxg6 hxg6 22. Rxf6 O-O 23. Raf1 Nd4 24. Ba2 Nxc2 25. Rxf7 Rxf7 26. Bxf7+ Kg7 27. Ba2 Qb6+ 28. Kh1 Ne3 29. Rf7+ Kh6 30. Rf3 Qb2 31. Rh3+ Kg7 32. Be6 Qxg2# 0-1

[Event "Live Chess"]
[Site "Chess.com"]
[Date "2010.12.12"]
[Round "-"]
[White "xdianto_w"]
[Black "hipposcottimus"]
[Result "0-1"]
[CurrentPosition "5r1k/p1Q3pp/5n2/8/P1b5/2P5/6PP/4R2K w - -"]
[Timezone "UTC"]
[ECO "D00"]
[ECOUrl "https://www.chess.com/openings/Queens-Pawn-Opening-Accelerated-London-System-2...c6-3.e3"]
[UTCDate "2010.12.12"]
[UTCTime "06:14:18"]
[WhiteElo "1275"]
[BlackElo "1616"]
[TimeControl "60"]
[Termination "hipposcottimus won on time"]
[StartTime "06:14:18"]
[EndDate "2010.12.12"]
[EndTime "06:16:06"]
[Link "https://www.chess.com/game/live/76461892"]

1. d4 d5 2. Bf4 c6 3. e3 Nd7 4. a4 f6 5. Nd2 e5 6. dxe5 fxe5 7. Bg3 Ngf6 8. Ngf3 Bb4 9. Nxe5 O-O 10. c3 Bd6 11. Nxd7 Qxd7 12. Bxd6 Qxd6 13. Bd3 Bg4 14. f3 Bh5 15. O-O c5 16. Qb3 c4 17. Nxc4 dxc4 18. Bxc4+ Kh8 19. Qxb7 Qc5 20. Be6 Qxe3+ 21. Kh1 Rab8 22. Qc7 Rxb2 23. Rae1 Re2 24. Rxe2 Qxe2 25. Bc4 Bxf3 26. Bxe2 Bxe2 27. Re1 Bc4 0-1

[Event "Live Chess"]
[Site "Chess.com"]
[Date "2010.12.12"]
[Round "-"]
[White "hipposcottimus"]
[Black "beyah1176"]
[Result "0-1"]
[CurrentPosition "7b/3kn3/pPbPp2p/4P3/PK3P2/8/r2q3P/8 w - -"]
[Timezone "UTC"]
[ECO "B00"]
[ECOUrl "https://www.chess.com/openings/Kings-Pawn-Opening-Barnes-Defense-2.d4"]
[UTCDate "2010.12.12"]
[UTCTime "06:05:26"]
[WhiteElo "1614"]
[BlackElo "1359"]
[TimeControl "60"]
[Termination "beyah1176 won on time"]
[StartTime "06:05:26"]
[EndDate "2010.12.12"]
[EndTime "06:07:46"]
[Link "https://www.chess.com/game/live/76460387"]

1. e4 f6 2. d4 g6 3. e5 Bg7 4. f4 e6 5. Nc3 f5 6. Be2 a6 7. Bd2 h6 8. Bf3 Ne7 9. Qe2 Nbc6 10. g4 b6 11. gxf5 gxf5 12. Be3 Bb7 13. O-O-O Qc8 14. Bh5+ Kd8 15. Qg2 Rg8 16. Nh3 Na5 17. Rhg1 c6 18. Qf3 Kc7 19. Bg6 c5 20. Bxf5 Bxf3 21. Rdf1 Bc6 22. Bxe6 dxe6 23. d5 Nc4 24. Rd1 Nxe3 25. d6+ Kd7 26. Rd3 N3f5 27. Rdg3 Nxg3 28. Rxg3 Bh8 29. Rd3 Rg6 30. Rd1 Rg2 31. Nf2 Rxf2 32. Re1 Qg8 33. Nd1 Qg2 34. Nxf2 Qxf2 35. Rd1 Rg8 36. b3 Rg1 37. Kb2 Rxd1 38. a3 Qf1 39. Kc3 Rb1 40. b4 Qe1+ 41. Kc4 Rc1 42. bxc5 Rxc2+ 43. Kb3 Qd2 44. cxb6 Ra2 45. a4 Qb2+ 46. Kc4 Qc2+ 47. Kb4 Qd2+ 0-1

[Event "Live Chess"]
[Site "Chess.com"]
[Date "2010.12.12"]
[Round "-"]
[White "dwayneb66"]
[Black "hipposcottimus"]
[Result "0-1"]
[CurrentPosition "5r2/p5kp/1p6/8/8/PP4PP/4q1K1/5R2 w - -"]
[Timezone "UTC"]
[ECO "A00"]
[ECOUrl "https://www.chess.com/openings/Kings-Fianchetto-Opening-1...e5-2.a3-d5"]
[UTCDate "2010.12.12"]
[UTCTime "05:02:16"]
[WhiteElo "1295"]
[BlackElo "1429"]
[TimeControl "600+1"]
[Termination "hipposcottimus won by resignation"]
[StartTime "05:02:16"]
[EndDate "2010.12.12"]
[EndTime "05:14:39"]
[Link "https://www.chess.com/game/live/76448408"]

1. g3 e5 2. a3 d5 3. d3 c5 4. Bg2 Be7 5. Bd2 f5 6. Nf3 Nc6 7. Bc3 Qd6 8. Bd2 Nf6 9. O-O e4 10. dxe4 fxe4 11. Ne1 Qc7 12. Nc3 b6 13. e3 Bb7 14. Nb5 Qe5 15. Bc3 d4 16. exd4 cxd4 17. Nxd4 Nxd4 18. Qxd4 Qe6 19. Qa4+ Bc6 20. Qd4 O-O 21. b3 Bc5 22. Qc4 Bd5 23. Qe2 Ng4 24. h3 Nxf2 25. Rxf2 Bxf2+ 26. Kh2 e3 27. Nd3 Bxg2 28. Kxg2 Qg6 29. Nxf2 Rxf2+ 30. Qxf2 exf2 31. Kxf2 Qxc2+ 32. Kg1 Rf8 33. Bxg7 Kxg7 34. Rf1 Qc5+ 35. Kg2 Qd5+ 36. Kg1 Qd4+ 37. Kg2 Qe4+ 38. Kg1 Qe3+ 39. Kg2 Qe2+ 0-1

[Event "Live Chess"]
[Site "Chess.com"]
[Date "2010.12.12"]
[Round "-"]
[White "KibitzerTBone"]
[Black "hipposcottimus"]
[Result "1-0"]
[CurrentPosition "1r5k/p5pp/5r2/5p2/1Q1p4/1P1P4/P1P2PPP/RN2R1K1 b - -"]
[Timezone "UTC"]
[ECO "C61"]
[ECOUrl "https://www.chess.com/openings/Ruy-Lopez-Opening-Birds-Defense-4.Nxd4-exd4-5.O-O-c6-6.Bc4"]
[UTCDate "2010.12.12"]
[UTCTime "04:31:13"]
[WhiteElo "1533"]
[BlackElo "1424"]
[TimeControl "300+3"]
[Termination "KibitzerTBone won by resignation"]
[StartTime "04:31:13"]
[EndDate "2010.12.12"]
[EndTime "04:38:05"]
[Link "https://www.chess.com/game/live/76442528"]

1. e4 e5 2. Nf3 Nc6 3. Bb5 Nd4 4. Nxd4 exd4 5. O-O c6 6. Bc4 d5 7. exd5 cxd5 8. Bb3 Be7 9. d3 f5 10. Re1 Nf6 11. Qf3 O-O 12. Bg5 Qd6 13. Bxf6 Rxf6 14. Bxd5+ Kh8 15. Bxb7 Bxb7 16. Qxb7 Rb8 17. Qxe7 Qb6 18. b3 Qb4 19. Qxb4 1-0

[Event "Live Chess"]
[Site "Chess.com"]
[Date "2010.12.12"]
[Round "-"]
[White "raider_1_1_1"]
[Black "hipposcottimus"]
[Result "0-1"]
[CurrentPosition "r1b1k2r/ppp3pp/5n2/3Knp2/1b3B2/2q3P1/P3QP1P/5B1R w kq -"]
[Timezone "UTC"]
[ECO "C45"]
[ECOUrl "https://www.chess.com/openings/Scotch-Game"]
[UTCDate "2010.12.12"]
[UTCTime "04:25:06"]
[WhiteElo "1200"]
[BlackElo "1430"]
[TimeControl "840"]
[Termination "hipposcottimus won by checkmate"]
[StartTime "04:25:06"]
[EndDate "2010.12.12"]
[EndTime "04:28:46"]
[Link "https://www.chess.com/game/live/76441319"]

1. e4 e5 2. Nf3 Nc6 3. d4 d5 4. exd5 Qxd5 5. Nxe5 Nxe5 6. Qe2 Qxd4 7. Be3 Qxb2 8. Bf4 Qxa1 9. g3 Qxb1+ 10. Kd2 Bb4+ 11. c3 Qb2+ 12. Ke3 Qxc3+ 13. Ke4 f5+ 14. Kd5 Nf6# 0-1

[Event "Live Chess"]
[Site "Chess.com"]
[Date "2010.12.12"]
[Round "-"]
[White "hipposcottimus"]
[Black "suoicarov"]
[Result "0-1"]
[CurrentPosition "8/8/8/3qk3/1K6/8/8/8 w - -"]
[Timezone "UTC"]
[ECO "A06"]
[ECOUrl "https://www.chess.com/openings/Reti-Opening-Tennison-Gambit"]
[UTCDate "2010.12.12"]
[UTCTime "03:55:33"]
[WhiteElo "1626"]
[BlackElo "1759"]
[TimeControl "60"]
[Termination "suoicarov won on time"]
[StartTime "03:55:33"]
[EndDate "2010.12.12"]
[EndTime "03:57:55"]
[Link "https://www.chess.com/game/live/76435691"]

1. e4 d5 2. Nf3 dxe4 3. Ng5 f5 4. f3 h6 5. Nh3 exf3 6. Qxf3 Nf6 7. Bb5+ c6 8. Ba4 Qd5 9. Bb3 Qxf3 10. gxf3 Nbd7 11. d3 Ne5 12. Bf4 Nxf3+ 13. Kf2 Nh4 14. Nd2 Ng6 15. Nc4 Nxf4 16. Nxf4 Ng4+ 17. Kg3 e6 18. h3 Nf6 19. Rae1 Bd6 20. Ne5 Bxe5 21. Rxe5 O-O 22. Nxe6 Bxe6 23. Rxe6 Kh8 24. Re8 Rfxe8 25. Rf1 Re3+ 26. Kf2 Rae8 27. Kg2 h5 28. Rxf5 Re2+ 29. Kf3 R2e3+ 30. Kf4 Nd5+ 31. Kg5 Rg3+ 32. Kh4 Ne3 33. Kxg3 Nxf5+ 34. Kf4 Nd4 35. Kg5 Nxb3 36. axb3 Re2 37. Kxh5 Rxc2 38. Kh4 Rxb2 39. Kg5 Rxb3 40. h4 Rxd3 41. h5 Rh3 42. Kg6 Rxh5 43. Kxh5 a5 44. Kg4 b5 45. Kf4 a4 46. Ke5 g6 47. Kd4 g5 48. Kc5 g4 49. Kxc6 g3 50. Kxb5 g2 51. Kxa4 g1=Q 52. Kb5 Qd1 53. Kc6 Kg7 54. Kc5 Qg4 55. Kc6 Qe6+ 56. Kc5 Kf6 57. Kb5 Ke5 58. Kb4 Qd5 0-1